SA
NIAGARA FALLS EXPOS @ PUT-IN-BAY BC
09/03/2026
 
TOP OF THE 1ST
Niagara Falls Expos batting - Pitching for Put-In-Bay BC : RHP Scotty McKnight
Pitching: RHP Scotty McKnight
Batting: RHB Roberto Camacho 0-0: Ball
1-0: Swinging Strike
1-1: Called Strike
1-2: Strikes out looking
Batting: LHB Mark Armstead 0-0: Foul Ball, location: 2F
0-1: Ball
1-1: Ball
2-1: Ball
3-1: Fly out, F7 (Flyball, 78M)
Batting: RHB Edgardo Castro 0-0: Ball
1-0: SINGLE (Line Drive, 9LS)
Batting: LHB Pancho Farías 0-0: Called Strike
0-1: Foul Ball, location: 2F
0-2: Ball
1-2: Ball
2-2: Foul Ball, location: 2F
2-2: Foul Ball, location: 2F
2-2: Strikes out swinging
Top of the 1st over - 0 run(s), 1 hit(s), 0 error(s), 1 left on base; Niagara Falls 0 - Put-In-Bay 0
BOTTOM OF THE 1ST
Put-In-Bay BC batting - Pitching for Niagara Falls Expos : LHP Ramón Cerrillo
Pitching: LHP Ramón Cerrillo
Batting: LHB Tural Bishara 0-0: Bunt for hit - play at first, batter OUT! 3-4
Batting: RHB Angus Watts 0-0: Called Strike
0-1: SINGLE (Line Drive, 89S)
Batting: RHB Steve Koch 0-0: Ball
1-0: SINGLE (Groundball, 4) (infield hit)
Angus Watts to second
Batting: RHB Peter Heard 0-0: Ball
1-0: Ball
2-0: Ball
3-0: Base on Balls
Angus Watts to third
Steve Koch to second
Batting: SHB Norm Singletary 0-0: Ball
1-0: Foul Ball, location: 2F
1-1: Swinging Strike
1-2: Fly out, F7 (Line Drive, 7S)
Batting: RHB Manuel Rosales 0-0: Called Strike
0-1: Ball
1-1: Ball
2-1: Ball
3-1: Swinging Strike
3-2: Foul Ball, location: 2F
3-2: Base on Balls
Angus Watts scores
Steve Koch to third
Peter Heard to second
Batting: SHB Júlio Pérez 0-0: Ball
1-0: Ball
2-0: Fielders Choice at 2nd, 6-4 (Groundball, 6)
Bottom of the 1st over - 1 run(s), 2 hit(s), 0 error(s), 2 left on base; Niagara Falls 0 - Put-In-Bay 1
TOP OF THE 2ND
Niagara Falls Expos batting - Pitching for Put-In-Bay BC : RHP Scotty McKnight
Batting: RHB Mario Germán 0-0: Called Strike
0-1: Ball
1-1: Foul Ball, location: 2F
1-2: Foul Ball, location: 2F
1-2: Foul Ball, location: 2F
1-2: Strikes out swinging
Batting: LHB Carlos Germán 0-0: Ball
1-0: Fly out, F8 (Flyball, 8LM)
Batting: RHB Jim Unknown 0-0: Ball
1-0: Called Strike
1-1: Reached on error, E5 (Groundball, 56)
Batting: RHB Hou Kong 0-0: Ball
Jim Unknown is caught stealing 2nd base
Top of the 2nd over - 0 run(s), 0 hit(s), 1 error(s), 0 left on base; Niagara Falls 0 - Put-In-Bay 1
BOTTOM OF THE 2ND
Put-In-Bay BC batting - Pitching for Niagara Falls Expos : LHP Ramón Cerrillo
Batting: RHB Ryan French 0-0: Called Strike
0-1: Ball
1-1: Fly out, F9 (Flyball, 9)
Batting: LHB Francisco Alfaro 0-0: Called Strike
0-1: Foul Ball, location: 2F
0-2: Ball
1-2: Ball
2-2: Ball
3-2: Strikes out looking
Batting: LHB Tural Bishara 0-0: Called Strike
0-1: Foul Ball, location: 2F
0-2: Strikes out swinging
Bottom of the 2nd over - 0 run(s), 0 hit(s), 0 error(s), 0 left on base; Niagara Falls 0 - Put-In-Bay 1
TOP OF THE 3RD
Niagara Falls Expos batting - Pitching for Put-In-Bay BC : RHP Scotty McKnight
Batting: RHB Hou Kong 0-0: Ball
1-0: Swinging Strike
1-1: Foul Ball, location: 2F
1-2: Strikes out swinging
Batting: RHB Danijel van Aalten 0-0: Ball
1-0: Ball
2-0: Called Strike
2-1: Fly out, F6 (Popup, 6MD)
Batting: RHB Roberto Camacho 0-0: Foul Ball, location: 2F
0-1: Ball
1-1: Ball
2-1: Swinging Strike
2-2: Strikes out swinging
Top of the 3rd over - 0 run(s), 0 hit(s), 0 error(s), 0 left on base; Niagara Falls 0 - Put-In-Bay 1
BOTTOM OF THE 3RD
Put-In-Bay BC batting - Pitching for Niagara Falls Expos : LHP Ramón Cerrillo
Batting: RHB Angus Watts 0-0: Ball
1-0: Ball
2-0: Ground out 5-3 (Groundball, 5)
Batting: RHB Steve Koch 0-0: Called Strike
0-1: Foul Ball, location: 2F
0-2: Ball
1-2: Strikes out swinging
Batting: RHB Peter Heard 0-0: Ball
1-0: Hit by Pitch
Pinch Runner at 1st António López:
Batting: SHB Norm Singletary 0-0: SINGLE (Groundball, 6D)
António López to second
Batting: RHB Manuel Rosales 0-0: Called Strike
0-1: Ball
1-1: Foul Ball, location: 2F
1-2: Ball
2-2: Foul Ball, location: 2F
2-2: Ball
3-2: Strikes out swinging
Bottom of the 3rd over - 0 run(s), 1 hit(s), 0 error(s), 2 left on base; Niagara Falls 0 - Put-In-Bay 1
TOP OF THE 4TH
Niagara Falls Expos batting - Pitching for Put-In-Bay BC : RHP Scotty McKnight
Now in LF: António López
Batting: LHB Mark Armstead 0-0: Ball
1-0: Called Strike
1-1: Swinging Strike
1-2: Strikes out swinging
Batting: RHB Edgardo Castro 0-0: Foul Ball, location: 2F
0-1: Foul Ball, location: 2F
0-2: Fly out, F9 (Line Drive, 9D)
Batting: LHB Pancho Farías 0-0: SINGLE (Flyball, 9LS)
Batting: RHB Mario Germán 0-0: Ball
1-0: Called Strike
1-1: Called Strike
1-2: Strikes out swinging
Top of the 4th over - 0 run(s), 1 hit(s), 0 error(s), 1 left on base; Niagara Falls 0 - Put-In-Bay 1
BOTTOM OF THE 4TH
Put-In-Bay BC batting - Pitching for Niagara Falls Expos : LHP Ramón Cerrillo
Batting: SHB Júlio Pérez 0-0: Ball
1-0: Fly out, F4 (Popup, 4)
Batting: RHB Ryan French 0-0: Ball
1-0: Ball
2-0: Called Strike
2-1: Ball
3-1: Base on Balls
Batting: LHB Francisco Alfaro 0-0: Ball
1-0: Foul Ball, location: 2F
1-1: Foul Ball, location: 2F
1-2: Ball
2-2: Foul Ball, location: 2F
2-2: Ball
3-2: Foul Ball, location: 2F
3-2: Strikes out swinging
Batting: LHB Tural Bishara 0-0: Ball
1-0: Ball
2-0: Foul Ball, location: 2F
2-1: Fielders Choice at 2nd, 5-4 (Groundball, 56)
Bottom of the 4th over - 0 run(s), 0 hit(s), 0 error(s), 0 left on base; Niagara Falls 0 - Put-In-Bay 1
TOP OF THE 5TH
Niagara Falls Expos batting - Pitching for Put-In-Bay BC : RHP Scotty McKnight
Batting: LHB Carlos Germán 0-0: Swinging Strike
0-1: Ball
1-1: Foul Ball, location: 2F
1-2: Ball
2-2: Ball
3-2: Base on Balls
Pitching: RHP Norberto Garza
Batting: RHB Jim Unknown 0-0: Ball
1-0: Bunted foul
1-1: Bunt missed!
1-2: Foul Ball, location: 2F
1-2: Grounds into double play, 6-4-3 (Groundball, 6)
Batting: RHB Hou Kong 0-0: Foul Ball, location: 2F
0-1: Ball
1-1: Swinging Strike
1-2: Strikes out swinging
Top of the 5th over - 0 run(s), 0 hit(s), 0 error(s), 0 left on base; Niagara Falls 0 - Put-In-Bay 1
BOTTOM OF THE 5TH
Put-In-Bay BC batting - Pitching for Niagara Falls Expos : LHP Ramón Cerrillo
Batting: RHB Angus Watts 0-0: Called Strike
0-1: Ball
1-1: Ball
2-1: Ball
3-1: Base on Balls
Batting: RHB Steve Koch 0-0: Swinging Strike
0-1: Swinging Strike
0-2: Foul Ball, location: 2F
0-2: Strikes out swinging
Batting: RHB António López 0-0: Foul Ball, location: 2F
0-1: Foul Ball, location: 2F
0-2: Ball
1-2: Foul Ball, location: 2F
1-2: Strikes out swinging
Batting: SHB Norm Singletary 0-0: Ball
1-0: Swinging Strike
1-1: Foul Ball, location: 2F
1-2: Fielders Choice at 2nd, 6-4 (Groundball, 6)
Bottom of the 5th over - 0 run(s), 0 hit(s), 0 error(s), 0 left on base; Niagara Falls 0 - Put-In-Bay 1
TOP OF THE 6TH
Niagara Falls Expos batting - Pitching for Put-In-Bay BC : RHP Norberto Garza
Batting: RHB Danijel van Aalten 0-0: Ball
1-0: Ball
2-0: Ball
3-0: Base on Balls
Batting: RHB Roberto Camacho Pickoff Throw to First - Out!
0-0: Ball
1-0: Ball
2-0: Foul Ball, location: 2F
2-1: Ball
3-1: Base on Balls
Batting: LHB Mark Armstead 0-0: Swinging Strike
0-1: Called Strike
Roberto Camacho steals 2nd base
0-2: Strikes out looking
Batting: RHB Edgardo Castro 0-0: Called Strike
0-1: Ball
1-1: Ball
2-1: Ball
3-1: Base on Balls
Batting: LHB Pancho Farías 0-0: DOUBLE (Line Drive, 89M)
Roberto Camacho scores
Edgardo Castro to third
Runner from 3rd tries for Home, SAFE, no throw
Batting: RHB Mario Germán 0-0: Ground out 5-3 (Groundball, 5)
Top of the 6th over - 2 run(s), 1 hit(s), 0 error(s), 1 left on base; Niagara Falls 2 - Put-In-Bay 1
BOTTOM OF THE 6TH
Put-In-Bay BC batting - Pitching for Niagara Falls Expos : LHP Ramón Cerrillo
Batting: RHB Manuel Rosales 0-0: Ball
1-0: Ground out 5-3 (Groundball, 56)
Batting: SHB Júlio Pérez 0-0: Called Strike
0-1: Called Strike
0-2: Foul Ball, location: 2F
0-2: Foul Ball, location: 2F
0-2: Ball
1-2: Ball
2-2: Strikes out swinging
Batting: RHB Ryan French 0-0: Ground out 6-3 (Groundball, 6)
Bottom of the 6th over - 0 run(s), 0 hit(s), 0 error(s), 0 left on base; Niagara Falls 2 - Put-In-Bay 1
TOP OF THE 7TH
Niagara Falls Expos batting - Pitching for Put-In-Bay BC : RHP Norberto Garza
Batting: LHB Carlos Germán 0-0: Ball
1-0: Called Strike
1-1: Foul Ball, location: 2F
1-2: Strikes out swinging
Batting: RHB Jim Unknown 0-0: Ball
1-0: Ball
2-0: Ball
3-0: Called Strike
3-1: Base on Balls
Pinch Hitting: SHB Juan Carlos Santos 0-0: Ball
1-0: Called Strike
1-1: Swinging Strike
1-2: Strikes out swinging
Batting: RHB Danijel van Aalten Pickoff Throw to First - Out!
Top of the 7th over - 0 run(s), 0 hit(s), 0 error(s), 0 left on base; Niagara Falls 2 - Put-In-Bay 1
BOTTOM OF THE 7TH
Put-In-Bay BC batting - Pitching for Niagara Falls Expos : LHP Ramón Cerrillo
Now at 1B: Jim Unknown
Batting: LHB Francisco Alfaro 0-0: Called Strike
0-1: Ball
1-1: Foul Ball, location: 2F
1-2: Foul Ball, location: 2F
1-2: Foul Ball, location: 2F
1-2: Fly out, F7 (Flyball, 7LS)
Batting: LHB Tural Bishara 0-0: Ball
1-0: Ground out 6-3 (Groundball, 6)
Batting: RHB Angus Watts 0-0: Ball
1-0: Ball
2-0: Fly out, F8 (Flyball, 78M)
Bottom of the 7th over - 0 run(s), 0 hit(s), 0 error(s), 0 left on base; Niagara Falls 2 - Put-In-Bay 1
TOP OF THE 8TH
Niagara Falls Expos batting - Pitching for Put-In-Bay BC : RHP Norberto Garza
Batting: RHB Danijel van Aalten 0-0: Ball
1-0: Foul Ball, location: 2F
1-1: Ball
2-1: Fly out, F9 (Flyball, 89M)
Batting: RHB Roberto Camacho 0-0: Called Strike
0-1: Foul Ball, location: 2F
0-2: Foul Ball, location: 2F
0-2: Ball
1-2: Strikes out swinging
Batting: LHB Mark Armstead 0-0: Ground out 6-3 (Groundball, 6)
Top of the 8th over - 0 run(s), 0 hit(s), 0 error(s), 0 left on base; Niagara Falls 2 - Put-In-Bay 1
BOTTOM OF THE 8TH
Put-In-Bay BC batting - Pitching for Niagara Falls Expos : LHP Ramón Cerrillo
Batting: RHB Steve Koch 0-0: Ball
1-0: Called Strike
1-1: DOUBLE (Line Drive, 7LM)
Pinch Hitting: RHB Lou Lumsden 0-0: Called Strike
0-1: Ball
1-1: Ball
2-1: Swinging Strike
2-2: Ball
3-2: Foul Ball, location: 2F
3-2: Base on Balls
Pitching: LHP Washington Scarpenti
Batting: SHB Norm Singletary 0-0: Called Strike
0-1: Fly out, F8 (Flyball, 78D)
Pitching: RHP Manuel Montés
Batting: RHB Manuel Rosales 0-0: Called Strike
0-1: Ball
1-1: Called Strike
1-2: Hit by Pitch
Steve Koch to third
Lou Lumsden to second
Pinch Hitting: LHB Jim Unknown 0-0: Ball
1-0: Ball
2-0: SINGLE (Groundball, 56D)
Steve Koch scores
Lou Lumsden to third
Manuel Rosales to second
Runner from 3rd tries for Home, SAFE, throw made home
Manuel Rosales to third
Jim Unknown to second
Batting: RHB Ryan French 0-0: Ball
1-0: Ball
2-0: Foul Ball, location: 2F
2-1: Ball
3-1: Called Strike
3-2: Base on Balls
Batting: LHB Francisco Alfaro 0-0: Ball
1-0: Foul Ball, location: 2F
1-1: Swinging Strike
1-2: Foul Ball, location: 2F
1-2: Foul Ball, location: 2F
1-2: Ball
2-2: Ball
3-2: Base on Balls
Manuel Rosales scores
Jim Unknown to third
Ryan French to second
Batting: LHB Tural Bishara 0-0: Ball
1-0: Called Strike
1-1: Called Strike
1-2: Strikes out swinging
Batting: RHB Angus Watts 0-0: Ball
1-0: Swinging Strike
1-1: Swinging Strike
1-2: Fielders Choice at 2nd, 6-4 (Groundball, 56)
Bottom of the 8th over - 3 run(s), 2 hit(s), 0 error(s), 2 left on base; Niagara Falls 2 - Put-In-Bay 4
TOP OF THE 9TH
Niagara Falls Expos batting - Pitching for Put-In-Bay BC : RHP Norberto Garza
Pitching: RHP Garrett Harrington
Now at 1B: Lou Lumsden
Now in LF: Jim Unknown
Batting: RHB Edgardo Castro 0-0: Called Strike
0-1: Ball
1-1: Swinging Strike
1-2: Ball
2-2: SINGLE (Line Drive, 8RS)
Batting: LHB Pancho Farías 0-0: Ball
1-0: Ball
2-0: Ball
3-0: Base on Balls
Edgardo Castro to second
Batting: RHB Mario Germán 0-0: Ball
1-0: Called Strike
1-1: Swinging Strike
1-2: Strikes out swinging
Pinch Hitting: RHB Justin Smelter 0-0: Ball
1-0: Foul Ball, location: 2F
1-1: SINGLE (Line Drive, 89M)
Edgardo Castro to third
Pancho Farías to second
Batting: RHB Jim Unknown 0-0: Grounds into double play, 6-4-3 (Groundball, 6)
Top of the 9th over - 0 run(s), 2 hit(s), 0 error(s), 2 left on base; Niagara Falls 2 - Put-In-Bay 4
Monday, March 20th, 2017 - OOTP Baseball 17.12 Build 75